 Dungeon Crawl Stone Soup version 0.22-a0-779-g6f83d72c62 (webtiles) character file.

37 Htamos the Sneak (level 3, 15/15 HPs)
             Began as a Felid Wizard on July 19, 2018.
             Quit the game on level 2 of the Dungeon.
             The game lasted 00:11:09 (3990 turns).

Htamos the Sneak (Felid Wizard)                     Turns: 3990, Time: 00:11:09

Health: 15/15      AC:  1    Str:  3    XL:     3   Next: 23%
Magic:  8/8        EV: 19    Int: 19    God:
Gold:   132        SH:  0    Dex: 15    Spells: 2/8 levels left
                                        Lives:  0   Deaths: 1

rFire    . . .     SeeInvis +     - Unarmed
rCold    . . .     Gourm    .   (shield unavailable)
rNeg     . . .     Faith    .   (armour unavailable)
rPois    .         Spirit   .   (helmet unavailable)
rElec    .         Reflect  .   (cloak unavailable)
rCorr    .         Harm     .   (gloves unavailable)
MR       .....                  (boots unavailable)
Stlth    +++.......             (no amulet)
HPRegen  0.05/turn              (no ring)
MPRegen  0.11/turn              (no ring)

@: quick
A: very small, no armour, no weapons or thrown items, stealth, claws 1, fangs 3,
see invisible, carnivore, speed 1, shaggy fur 1, slow metabolism 1, sharp paws
a: no special abilities


You were on level 2 of the Dungeon.
You were not hungry.

You visited 1 branch of the dungeon, and saw 3 of its levels.

You collected 132 gold pieces.

Inventory:

Jewellery
 f - an uncursed amulet of faith {unknown}
Scrolls
 a - a scroll of magic mapping
 i - a scroll of identify
 j - 2 scrolls of remove curse {unknown}
Potions
 c - a potion of flight
 d - a potion of brilliance
Comestibles
 b - 4 rations


   Skills:
 + Level 1.3 Fighting
 * Level 4.0 Dodging
 * Level 4.3 Stealth
 + Level 1.3 Unarmed Combat
 - Level 3.0 Spellcasting
 - Level 0.8 Conjurations
   Level 1.0 Summonings
 - Level 1.5 Translocations


You had 2 spell levels left.
You knew the following spells:

 Your Spells              Type           Power        Failure   Level  Hunger
a - Magic Dart            Conj           #...         11%         1    None
b - Blink                 Tloc           N/A          12%         2    ##.....
c - Conjure Flame         Conj/Fire      #.......     36%         3    ###....

Your spell library contained the following spells:

 Spells                   Type           Power        Failure   Level  Hunger
 Slow                     Hex            #.......     22%         2    ##.....
 Mephitic Cloud           Conj/Pois/Air  #.......     38%         3    ###....
 Call Imp                 Summ           #.......     16%         2    ##.....


Dungeon Overview and Level Annotations

Branches:
Dungeon (3/15)

Altars:


Innate Abilities, Weirdness & Mutations

You cannot wear armour.
You are incapable of wielding weapons or throwing items.
Your paws allow you to move quietly. (Stealth)
You have sharp claws.
You have razor-sharp teeth.
You have supernaturally acute eyesight. (SInv)
You are carnivorous and can eat meat at any time.
You cover ground quickly.
You are covered in fur. (AC +1)
You have a slow metabolism.
Your sharp claws are effective at attacking unaware monsters.


Message History

The orc wizard closely misses you.
You barely miss the orc wizard.
The orc wizard is heavily wounded.
The orc wizard closely misses you.
You closely miss the orc wizard.
The orc wizard is heavily wounded.
The orc wizard points at you and mumbles some strange words.
The magic dart hits you!
* * * LOW HITPOINT WARNING * * *
The orc wizard points at you and mumbles some strange words.
The magic dart hits you!
You die...
You are now level 3!
You rejoin the land of the living...
An orc comes into view. It is wielding a whip.
There is a stone staircase leading up, spattered with blood here.
You see here the felid corpse of Htamos.
You climb upwards.
There is a stone staircase leading down here.
Are you sure you want to abandon this character and quit the game? (Confirm with "yes".)

#......)..............#
#.#..#.####.###.......#
####.#.# #.# #.......#
#.#.# #.# #.......#
#.#.# #.# #.......#
#...# #.# #....)..#
##..# #.# ######.##
#..# #.# #.# ##.@# #.#
#.# #...####.# #.#
#.....##.# ##.##
#.....##.# #....
#.....##.# #....
###.####.# #....
#.####.# #.... #......#
#.... #.###### #####


There were no monsters in sight!

Vanquished Creatures
  4 adders (D:2)
  An ooze (D:3)
  2 leopard geckos
  An orc (D:3)
  7 goblins
  7 hobgoblins
  3 kobolds
  2 quokkas (D:3)
  5 bats
  2 frilled lizards (D:1)
  4 rats
38 creatures vanquished.

Notes
Turn   | Place    | Note
-------+----------+-------------------------------------------
     0 | D:1      | Htamos the Felid Wizard began the quest for the Orb.
     0 | D:1      | Reached XP level 1. HP: 7/7 MP: 5/5
   433 | D:1      | Reached XP level 2. HP: 11/12 MP: 0/7
  1206 | D:2      | Reached skill level 1 in Fighting
  1206 | D:2      | Reached XP level 3. HP: 15/15 MP: 0/8
  1307 | D:2      | Learned a level 2 spell: Blink
  1311 | D:2      | Learned a level 3 spell: Conjure Flame
  1917 | D:2      | Reached skill level 1 in Unarmed Combat
  3098 | D:3      | Reached XP level 4. HP: 14/19 MP: 2/9
  3972 | D:3      | Killed from afar by an orc wizard
  3973 | D:3      | Reached XP level 3. HP: 0/15 MP: 5/8
  3990 | D:2      | Quit the game

Vault maps used:
D:1:      lightli_arrival_statue_moat, kennysheep_nondescript, kennysheep_boxes

Skill      XL: |  1  2  3  4 |
---------------+-------------+-----
Stealth        | 3 4 |  4.3
Dodging        | 3 4 |  4.0
Fighting       | 1 |  1.3
Unarmed Combat | 1 |  1.3
Spellcasting   | |  3.0
Conjurations   | |  0.8
Summonings     | |  1.0
Translocations | |  1.5

Action                   |  1- 3 |  4- 6 || total
-------------------------+-------+-------++-------
Melee: Unarmed           |    80 |    16 ||    96
       Bite              |     7 |       ||     7
 Cast: Magic Dart        |   102 |    31 ||   133
  Use: Potion            |     3 |       ||     3
       Scroll            |     2 |       ||     2
 Stab: Sleeping          |    14 |       ||    14
  Eat: Chunk             |    11 |     2 ||    13
Armor: Skin              |       |     1 ||     1
Dodge: Dodged            |    78 |    19 ||    97

Table legend:
 A = Spawn XP
 B = Non-spawn XP
 C = Spawn XP percentage of total XP
 D = Spawn monster count
 E = Non-spawn monster count
 F = Spawn count percentage of total count
 G = Total turns spent on level
                    A         B        C        D         E        F      G
               +---------+---------+-------+---------+---------+-------+---------
         Total |       0 |     121 |   0.0 |       0 |      38 |   0.0 |  3990
               +---------+---------+-------+---------+---------+-------+---------
           D:1 |       0 |      26 |   0.0 |       0 |      16 |   0.0 |  1584
           D:2 |       0 |      78 |   0.0 |       0 |      16 |   0.0 |  1858
           D:3 |       0 |      17 |   0.0 |       0 |       6 |   0.0 |   548
               +---------+---------+-------+---------+---------+-------+---------
